Map: Ruins of Seras

Players

puCK (Nina) - Winner!

  • Race: Protoss Protoss
  • League: Grandmaster

Zanster

  • Race: Zerg Zerg

Event: Root's WW3

VOD

Have the link to the VOD?

Description

Time

  • Played on: Dec. 11, 2015, 4:40 a.m.
  • Length: 8:59

All games in this series

Show
View Real Time Build Order
Export as new Build Order

puCK Protoss - Winner!

Build Orders: Nexus First 

Get SALT Encoding   

  12  0:01  Probe (Chrono Boost)  
  13  0:11  Probe (Chrono Boost)  
  14  0:18  Pylon  
  14  0:22  Probe (Chrono Boost)  
  15  0:36  Probe (Chrono Boost)  
  16  0:47  Probe (Chrono Boost)  
  17  1:00  Nexus  
  18  1:04  Probe (Chrono Boost)  
  18  1:14  Gateway  
  18  1:18  Probe (Chrono Boost)  
  19  1:24  Assimilator  
  19  1:28  Probe (Chrono Boost)  
  19  1:31  Assimilator  
  20  1:39  Probe (Chrono Boost)  
  21  1:48  Pylon  
  21  1:49  Probe (Chrono Boost)  
  22  1:57  Gateway  
  23  2:03  Cybernetics Core  
  23  2:06  Probe (Chrono Boost)  
  23  2:13  Probe (Chrono Boost)  
  24  2:19  Probe (Chrono Boost)  
  25  2:24  Probe (Chrono Boost)  
  25  2:29  Probe (Chrono Boost)  
  27  2:34  Probe (Chrono Boost)  
  28  2:39  Probe (Chrono Boost), Warp Gate  
  28  2:44  Adept x2 (Chrono Boost)  
  33  2:45  Probe  
  36  2:51  Mothership Core (Chrono Boost)  
  36  2:57  Probe  
  37  3:04  Robotics Facility  
  37  3:09  Probe (Chrono Boost)  
  37  3:12  Probe (Chrono Boost)  
  39  3:20  Probe (Chrono Boost), Adept  
  39  3:22  Sentry  
  39  3:23  Probe (Chrono Boost)  
  39  3:24  Pylon  
  45  3:31  Probe (Chrono Boost)  
  45  3:32  Pylon  
  46  3:42  Gateway, Probe x2 (Chrono Boost)  
  46  3:47  Gateway  
  48  3:52  Probe (Chrono Boost)  
  48  3:54  Probe (Chrono Boost)  
  50  3:58  Immortal (Chrono Boost)  
  50  4:02  Probe  
  54  4:06  Probe  
  54  4:11  Assimilator  
  54  4:12  Probe  
  53  4:17  Assimilator  
  53  4:21  Gateway  
  53  4:23  Gateway  
  53  4:25  Gateway  
  53  4:26  Probe  
  54  4:35  Immortal (Chrono Boost)  
  54  4:37  Probe x2  
  54  4:38  Pylon  
  59  4:43  Pylon  
  60  4:46  Sentry  
  60  4:51  Pylon  
  62  4:56  Pylon  
  62  4:57  Sentry  
  62  4:59  Sentry  
  66  5:00  Sentry  
  68  5:07  Pylon  
  68  5:08  Warp Prism (Chrono Boost)  
  68  5:10  Zealot  
  72  5:21  Adept x3  
  76  5:23  Adept  
  76  5:27  Adept  
  82  5:34  Adept x2  
  84  5:39  Observer (Chrono Boost)  
  84  5:42  Adept x3  
  85  5:48  Pylon  
  87  5:51  Adept  
  89  6:01  Adept x2  
  89  6:06  Adept x3  
  89  6:09  Adept  
  95  6:17  Robotics Bay  
  95  6:23  Adept x2  
  99  6:25  Sentry  
  99  6:27  Sentry  
  99  6:32  Pylon  
  94  6:49  Probe, Adept x3  
  94  6:50  Adept  
  67  7:08  Adept x2  
  57  7:12  Sentry x2, Probe  
  59  7:15  Probe  
  59  7:22  Disruptor (Chrono Boost)  
  62  7:23  Probe  
  62  7:26  Adept x2  
  62  7:27  Probe  
  68  7:31  Adept  
  68  7:33  Probe (Chrono Boost)  
  71  7:38  Adept  
  71  7:39  Probe (Chrono Boost)  
  71  7:44  Probe (Chrono Boost), Adept  
  76  7:47  Sentry  
  76  7:50  Sentry  
  81  7:51  Probe  
  81  7:54  Probe  
  81  7:56  Adept  
  85  8:07  Adept x3  
  85  8:11  Adept  
  94  8:20  Disruptor (Chrono Boost)  
  94  8:32  Adept x3  
  94  8:33  Adept  
  100  8:53  Adept x3  
Show
View Real Time Build Order
Export as new Build Order

Zanster Zerg 

Build Orders: Hatch First 

Get SALT Encoding   

  12  0:00  Drone  
  13  0:13  Overlord  
  13  0:18  Drone  
  14  0:31  Drone  
  14  0:32  Drone  
  14  0:35  Drone  
  17  0:54  Hatchery  
  17  0:57  Drone  
  17  0:59  Drone  
  17  1:03  Extractor  
  17  1:15  Spawning Pool  
  17  1:18  Drone  
  17  1:22  Drone  
  18  1:29  Drone  
  19  1:40  Overlord  
  19  1:54  Drone  
  20  2:02  Queen  
  20  2:03  Zergling x2  
  20  2:06  Zergling x2, Queen  
  26  2:09  Metabolic Boost  
  27  2:15  Drone  
  27  2:19  Drone  
  28  2:26  Drone  
  29  2:30  Drone  
  29  2:35  Drone  
  31  2:45  Hatchery  
  31  2:48  Queen  
  32  2:53  Drone x2  
  34  2:58  Overlord  
  34  3:01  Drone  
  34  3:05  Drone  
  35  3:18  Drone x2  
  35  3:19  Evolution Chamber  
  35  3:20  Zergling x8  
  35  3:22  Zergling x2  
  35  3:25  Overlord  
  40  3:30  Drone  
  40  3:31  Drone  
  42  3:35  Drone  
  43  3:45  Zerg Melee Weapons Level 1  
  43  3:49  Drone x7  
  49  3:55  Drone  
  49  3:56  Drone  
  49  3:59  Drone  
  49  4:02  Drone  
  53  4:08  Overlord  
  53  4:10  Drone  
  53  4:13  Roach Warren, Extractor  
  53  4:15  Lair  
  52  4:23  Drone x2  
  54  4:26  Overlord  
  54  4:28  Extractor  
  53  4:31  Zergling x2  
  53  4:32  Zergling x12  
  53  4:34  Zergling x2  
  61  4:38  Overlord  
  61  4:44  Zergling x8  
  65  4:49  Overlord  
  65  5:00  Roach  
  65  5:01  Roach x5  
  65  5:06  Zergling x2  
  65  5:07  Zergling x6  
  80  5:15  Roach x3  
  80  5:20  Hydralisk Den  
  85  5:22  Zergling x2  
  85  5:23  Zergling x6  
  89  5:31  Zergling x2  
  89  5:35  Overlord  
  84  5:38  Zergling x12  
  87  5:45  Spine Crawler  
  87  5:49  Zergling x6  
  89  5:54  Zergling x10  
  83  6:06  Hydralisk x2  
  81  6:13  Hydralisk x2  
  81  6:19  Hydralisk x2  
  81  6:23  Hydralisk x3  
  91  6:31  Overlord x2  
  73  6:47  Zergling x16  
  64  6:59  Zergling x2  
  64  7:00  Zergling x2  
  49  7:04  Zergling x2  
  38  7:13  Drone x3  
  40  7:18  Drone  
  40  7:19  Drone  
  42  7:26  Drone  
  43  7:32  Queen  
  45  7:39  Drone  
  45  7:40  Drone  
  46  7:56  Drone x4  
  50  8:01  Zergling x2  
  50  8:02  Zergling x4  
  53  8:06  Zergling x2  
  53  8:11  Zergling x2  
  53  8:12  Zergling x2  
  55  8:18  Hydralisk  
  57  8:21  Hydralisk  
  59  8:28  Hydralisk x2  
  63  8:37  Zergling x6  
Tags
 
Add a new tag
Caveats
  • Supply blocks, unpowered buildings, or Contaminate may cause inaccurate times.
  • Supply counts are checked every 10 seconds.